 Dungeon Crawl Stone Soup version 0.29.1-14-g9c671dbff4 (webtiles) character file.

Game seed: 18326252930651466090

120 croobank the Sneak (level 5, 0/37 HPs)
             Began as an Octopode Delver on Feb 14, 2023.
             Succumbed to a scorpion's poison
             ... in an ossuary.
             The game lasted 00:02:38 (819 turns).

croobank the Sneak (Octopode Delver)                 Turns: 819, Time: 00:02:39

Health: 0/37       AC:  1    Str: 13    XL:     5   Next: 4%
Magic:  5/5        EV: 14    Int: 12    God:
Gold:   0          SH:  0    Dex: 14    Spells: 4/4 levels left

rFire   . . .      SeeInvis .   a - +0 hand axe
rCold   . . .      Faith    .   (no shield)
rNeg    . . .      Spirit   .   (helmet restricted)
rPois   .          Reflect  .   (no amulet)
rElec   .          Harm     .   (no ring)
rCorr   .          Rampage  .   (no ring)
Will    .....                   (no ring)
Stlth   +++++.....              (no ring)
HPRegen 0.12/turn               (no ring)
MPRegen 0.09/turn               (no ring)
                                (no ring)
                                (no ring)

@: lethally poisoned (0 -> -23), hasted, very quick
A: almost no armour, amphibious, 8 rings, camouflage 1, gelatinous body 1,
(nimble swimmer 1), tentacles
a: no special abilities


You were in an ossuary.
You visited 1 branch of the dungeon, and saw 2 of its levels.
You also visited: Ossuary.

Inventory:

Hand Weapons
 a - a +0 hand axe (weapon)
Wands
 f - a wand of digging (2)
Scrolls
 b - a scroll of fog


   Skills:
 + Level 3.8 Fighting
 + Level 3.0 Axes
 + Level 3.0 Dodging
 + Level 7.4 Stealth


You had 4 spell levels left.
You didn't know any spells.
Your spell library contained the following spells:

 Spells                   Type           Power      Damage    Failure   Level
 Static Discharge         Conj/Air       0%         3-3/arc   45%         2
 Dispel Undead            Necr           0%         3d6       97%         4
 Sticky Flame             Conj/Fire      0%         2d3       97%         4


Dungeon Overview and Level Annotations

Branches:
Dungeon (6/15)            Ossuary (1/1)
 Temple: D:4-7

Altars:


Innate Abilities, Weirdness & Mutations

You cannot wear most types of armour.
You are amphibious.
You can wear up to eight rings at the same time.
Your skin changes colour to match your surroundings (Stealth+).
Your rubbery body absorbs attacks. (AC +1, EV +1)
((You are camouflaged when in or above water. (Stealth+)))
You have tentacles for arms and can constrict up to eight enemies at once.


Message History

You slash the human zombie!
You squeeze the human zombie, but do no damage.
The human zombie is severely damaged.
You constrict the human zombie. The human zombie hits you.
You hit the human zombie. You squeeze the human zombie!
You destroy the human zombie!
Your Axes skill increases to level 3!
Your Dodging skill increases to level 3!
You have reached level 5!
You feel agile.
You start resting.
HP restored.
A scorpion comes into view.
A scorpion, a gnoll zombie and 2 hobgoblin zombies come into view.
You feel yourself speed up. The scorpion stings you.
You barely miss the scorpion. You grab the scorpion.
You constrict the scorpion. The scorpion stings you.
You hit the scorpion but do no damage. You squeeze the scorpion.
The scorpion is moderately wounded.
You constrict the scorpion. The scorpion stings you!
You hit the scorpion but do no damage.
The scorpion is moderately wounded.
You constrict the scorpion, but do no damage.
The scorpion stings you.
You are poisoned.
The scorpion poisons you!
You hit the scorpion.
Your tentacle-slap misses the scorpion.
You squeeze the scorpion, but do no damage.
The scorpion is severely wounded.
You constrict the scorpion.
You feel sick. The scorpion stings you.
You hit the scorpion but do no damage.
The scorpion is severely wounded.
You constrict the scorpion.
You feel sick. The scorpion stings you!
* * * LOW HITPOINT WARNING * * *
You are more poisoned.
The scorpion poisons you!
You hit the scorpion but do no damage.
The scorpion is almost dead.
You constrict the scorpion, but do no damage.
You die...

#+## ########'#######'##
s...Z#.....#...#...#...#
.....#.....'...#...8...#
.....8.....#...#.......#
...........######8...8##
...........#?.!#.......#
#8.....8###.M!#...8...#
Z..........#!?.#...#...#
.........@.##+###'######
.....8...s.# #...#...#
.....#.....+ #.∩.'.∩.#
Z....#.....# #...#...#
#### ####### #########


You could see a scorpion and a hobgoblin zombie.

Vanquished Creatures
  3 human zombies (Ossuary)
  A scorpion zombie (Ossuary)
  An ufetubus (D:6)
  A jackal zombie (D:5)
  An orc zombie (Ossuary)
7 creatures vanquished.

Notes
Turn   | Place    | Note
-------+----------+-------------------------------------------
     0 | D:5      | croobank the Octopode Delver began the quest for the Orb.
     0 | D:5      | Reached XP level 1. HP: 16/16 MP: 1/1
     8 | D:6      | Noticed an orc wizard
    26 | D:5      | Noticed an orc warrior
    26 | D:5      | Noticed an orc wizard
    31 | D:5      | Found a sand-covered staircase.
    40 | D:5      | Noticed a hound
    46 | Ossuary  | Entered an ossuary
   196 | Ossuary  | Reached XP level 2. HP: 20/21 MP: 2/2
   209 | Ossuary  | Reached XP level 3. HP: 17/26 MP: 3/3
   352 | Ossuary  | Reached skill level 7 in Stealth
   352 | Ossuary  | Reached XP level 4. HP: 9/31 MP: 4/4
   771 | Ossuary  | Reached XP level 5. HP: 32/37 MP: 5/5
   819 | Ossuary  | Succumbed to a scorpion's poison

Illustrated notes

Levels and vault maps discovered:
D:5:      layout_gridville, nzn_hepliaklqana_mist_gate, enter_ossuary_3
D:6:      layout_cave_pools, lemuel_crystal_altar,
          mainiacjoe_overflow_small_starburst, gammafunk_ghost_gnarly_gnolls,
          nicolae_figureground_pulse
Ossuary:  ossuary_minmay_scorpions

Skill      XL: |  1  2  3  4 |
---------------+-------------+-----
Stealth        | 7 |  7.4
Axes           | 3 |  3.0
Dodging        | 3 |  3.0
Fighting       | |  3.8

Action                   |  1- 3 |  4- 6 || total
-------------------------+-------+-------++-------
Melee: Hand axe          |    23 |    21 ||    44
       Constrict         |     4 |     3 ||     7
       Tentacles         |     4 |     6 ||    10
       Punch             |       |     1 ||     1
Evoke: Wand              |     1 |       ||     1
  Use: Scroll            |     2 |       ||     2
       Potion            |       |     1 ||     1
 Stab: Sleeping          |     2 |     1 ||     3
Dodge: Dodged            |     9 |     6 ||    15
